[Event "Titled Tuesday Blitz May 4 2021"]
[White "Wu, Christopher"]
[Black "Vignesh, N R"]
[WhiteFideId "2040875"]
[BlackFideId "25012215"]
[WhiteElo "2608"]
[BlackElo "2401"]
[Result "0-1"]
[Round "08"]
[TimeControl "180+1"]
[Date "2021.05.04"]
[WhiteClock "0:00:04"]
[BlackClock "0:00:08"]

1. e4 e5 2. Nf3 Nc6 3. Bb5 a6 4. Ba4 d6 5. O-O Bd7 6. c3 Nf6 7. Re1 g6 8. d4 b5 9. Bb3 Bg7 10. h3 O-O 11. Nbd2 Nh5 12. Nf1 h6 13. Be3 Kh7 14. Qd2 Qe7 15. Rad1 Rad8 16. a4 Na5 17. Ba2 Nc4 18. Qe2 Nxe3 19. fxe3 c5 20. Bd5 Nf6 21. dxe5 dxe5 22. Qc2 Nxd5 23. exd5 e4 24. N3d2 f5 25. b3 Qd6 26. c4 b4 27. Nh2 Be5 28. Ndf1 Rde8 29. Re2 h5 30. Rf2 f4 31. Qe2 fxe3 32. Qxe3 Bd4 33. Rxd4 cxd4 34. Qxd4 Rxf2 35. Qxf2 Rf8 36. Qe3 Bf5 37. Nd2 Qe5 38. Nhf1 Rf7 39. Ng3 Qc3 40. Ngf1 h4 41. Qf2 Kg7 42. Qe3 Qc2 43. c5 Qd3 44. d6 Qxe3+ 45. Nxe3 Kf6 46. Nd5+ Ke6 47. Nxb4 a5 48. Nc2 Kd5 49. Ne3+ Kxc5 50. Ndc4 Be6 51. Kh2 Kb4 52. Ne5 Rf8 53. Nxg6 Rd8 54. Nxh4 Bxb3 55. Nhf5 Kxa4 56. g4 Kb4 57. g5 a4 58. Nd4 Rxd6 59. Ndc2+ Bxc2 60. Nxc2+ Kb3 61. Na1+ Kb2 62. h4 Kxa1 63. h5 e3 64. Kg2 Rd5 65. g6 Rxh5 0-1


[Site "https://www.chess.com"]

[Event "Titled Tuesday Blitz May 4 2021"]
[White "Xiong, Jeffery"]
[Black "Bellahcene, Bilel"]
[WhiteFideId "2047640"]
[BlackFideId "696358"]
[WhiteElo "2724"]
[BlackElo "2493"]
[Result "1/2-1/2"]
[Round "08"]
[TimeControl "180+1"]
[Date "2021.05.04"]
[WhiteClock "0:00:57"]
[BlackClock "0:00:07"]

1. e4 c5 2. Nf3 d6 3. Bb5+ Nd7 4. d4 cxd4 5. Qxd4 a6 6. Bxd7+ Qxd7 7. c4 e5 8. Qd3 f5 9. Nc3 Nf6 10. Bg5 fxe4 11. Nxe4 Nxe4 12. Qxe4 Qf5 13. Qe2 Bd7 14. Bh4 Bc6 15. Nd4 Qe4 16. Nxc6 Qxg2 17. Nxe5 Qxh1+ 18. Kd2 Qxa1 19. Kc2 Qxa2 20. Qg4 Qa4+ 21. Kc1 Qa1+ 22. Kc2 Qa4+ 23. Kb1 Be7 24. Qe6 Qd1+ 25. Ka2 Qa4+ 26. Kb1 Qd1+ 27. Ka2 Qa4+ 28. Kb1 1/2-1/2


[Site "https://www.chess.com"]

[Event "Titled Tuesday Blitz May 4 2021"]
[White "Yavorovsky, Valeriy"]
[Black "Suarez Uriel, Adrian"]
[WhiteFideId "14121549"]
[BlackFideId "22230874"]
[WhiteElo "2267"]
[BlackElo "2299"]
[Result "0-1"]
[Round "08"]
[TimeControl "180+1"]
[Date "2021.05.04"]
[WhiteClock "0:00:03"]
[BlackClock "0:00:11"]

1. d4 Nf6 2. c4 b6 3. Nf3 e6 4. e3 Bb7 5. Bd3 c5 6. O-O g6 7. Nc3 Bg7 8. e4 cxd4 9. Nxd4 Nc6 10. Ndb5 Qb8 11. f4 O-O 12. e5 Ne8 13. Ne4 a6 14. Nbd6 f5 15. exf6 Nxf6 16. Nxb7 Qxb7 17. Nxf6+ Bxf6 18. Rb1 b5 19. a3 bxc4 20. Bxc4 d5 21. Ba2 Rad8 22. Kh1 Kg7 23. Bd2 e5 24. fxe5 Nxe5 25. Bc3 d4 26. Bxd4 Qe4 27. Bxe5 Rxd1 28. Bxf6+ Rxf6 29. Rbxd1 Rxf1+ 30. Rxf1 Qc2 31. Rb1 a5 32. h3 h5 33. Rf1 Qxb2 34. Be6 Qxa3 35. Rf7+ Kh6 36. Ra7 h4 37. Bg4 Qc1+ 38. Kh2 Qf4+ 39. Kh1 a4 40. Bf3 Qc1+ 41. Kh2 Qf4+ 42. Kh1 a3 0-1


[Site "https://www.chess.com"]

[Event "Titled Tuesday Blitz May 4 2021"]
[White "Yilmaz, Mustafa"]
[Black "Fier, Alexandr"]
[WhiteFideId "6302718"]
[BlackFideId "2107139"]
[WhiteElo "2518"]
[BlackElo "2569"]
[Result "1-0"]
[Round "08"]
[TimeControl "180+1"]
[Date "2021.05.04"]
[WhiteClock "0:00:04"]
[BlackClock "0:00:04"]

1. d4 Nf6 2. c4 c5 3. d5 e6 4. Nc3 exd5 5. cxd5 d6 6. e4 g6 7. f4 Bg7 8. Bb5+ Nfd7 9. a4 O-O 10. Nf3 Na6 11. O-O Nb4 12. Re1 a6 13. Bf1 Re8 14. Bd2 b6 15. h3 Bb7 16. Qb3 Nf6 17. Rad1 Nh5 18. Bc1 Bh6 19. e5 Bxf4 20. Bxf4 Nxf4 21. Qc4 dxe5 22. Nxe5 Qg5 23. Nf3 Qg3 24. Kh1 Rxe1 25. Rxe1 Bxd5 26. Nxd5 Nbxd5 27. a5 bxa5 28. Qxc5 Nf6 29. Qc6 Rb8 30. Qxf6 Nh5 31. Qd4 Qc7 32. Bxa6 Ng3+ 33. Kg1 Nf5 34. Qf2 Qd6 35. Bc4 Qb4 36. Ne5 Rb7 37. Bxf7+ Kg7 38. Bd5 Rc7 39. Nd3 Qd6 40. Be4 Nd4 41. Rf1 Rc2 42. Qf7+ Kh6 43. Qf8+ Qxf8 44. Rxf8 Re2 45. Bd5 Rd2 46. Be4 Re2 47. Ba8 Rd2 48. Ne5 Rxb2 49. Rf7 Nf5 50. Ng4+ Kg5 51. Rxh7 Ng3 52. Ra7 Kh4 53. Bf3 Ra2 54. Rh7+ Kg5 55. h4+ Kf4 56. Rf7+ Nf5 57. h5 Kg3 58. Kf1 Ra1+ 59. Ke2 Nd4+ 60. Ke3 Nxf3 61. gxf3 gxh5 62. Ne5 Re1+ 63. Kd4 h4 64. Rg7+ Kh3 65. f4 Rf1 66. Ke4 a4 67. f5 a3 68. Ra7 Re1+ 69. Kf4 Rf1+ 70. Kg5 Rg1+ 71. Kh5 Rg3 72. f6 Re3 73. Ng6 Rf3 74. Kg5 Kg3 75. f7 Rxf7 76. Rxf7 h3 77. Nh4 h2 78. Rf3# 1-0


[Site "https://www.chess.com"]

[Event "Titled Tuesday Blitz May 4 2021"]
[White "Yoo, Christopher Woojin"]
[Black "Martirosyan, Haik M."]
[WhiteFideId "30909694"]
[BlackFideId "13306553"]
[WhiteElo "2009"]
[BlackElo "2597"]
[Result "1/2-1/2"]
[Round "08"]
[TimeControl "180+1"]
[Date "2021.05.04"]
[WhiteClock "0:00:10"]
[BlackClock "0:00:12"]

1. d4 Nf6 2. Nf3 d5 3. c4 c6 4. cxd5 cxd5 5. Nc3 Nc6 6. Bf4 Bf5 7. Rc1 e6 8. e3 Be7 9. Bb5 O-O 10. O-O Rc8 11. Qe2 a6 12. Bxc6 Rxc6 13. Ne5 Rc8 14. f3 b5 15. Rfd1 h6 16. e4 Bh7 17. a3 b4 18. axb4 Bxb4 19. exd5 Nxd5 20. Nxd5 Qxd5 21. Rxc8 Rxc8 22. Qxa6 Ra8 23. Qc6 Qxc6 24. Nxc6 Bf8 25. b4 Bc2 26. Rc1 Ba4 27. Bd2 Kh7 28. Ne5 f6 29. Nd3 Rd8 30. Bc3 e5 31. Nc5 exd4 32. Nxa4 dxc3 33. b5 Bb4 34. Nxc3 Rd2 35. Ne4 Rb2 36. h4 h5 37. Kh2 Kg6 38. Kh3 Ba5 39. Rc5 Bb6 40. Rd5 Rb1 41. g4 hxg4+ 42. fxg4 Rb3+ 43. Kg2 Re3 44. h5+ Kf7 45. Rd7+ Ke6 46. Rd6+ Ke5 47. Rxb6 Rxe4 48. Kf3 Rb4 49. Rb7 Rb3+ 50. Kg2 Kf4 51. Rxg7 Rb2+ 52. Kh3 Rb3+ 53. Kg2 Rb2+ 54. Kf1 Rxb5 55. h6 Kf3 56. Ke1 Rb2 57. Rg6 Rh2 58. Kd1 Kf4 59. Kc1 Kf3 60. Kd1 Kf4 61. Ke1 Kf3 62. Kd1 1/2-1/2


[Site "https://www.chess.com"]

[Event "Titled Tuesday Blitz May 4 2021"]
[White "Zemach, Roee"]
[Black "Shukhman, Anna"]
[WhiteFideId "2818531"]
[BlackFideId "54180058"]
[WhiteElo "2131"]
[BlackElo "1628"]
[Result "1-0"]
[Round "08"]
[TimeControl "180+1"]
[Date "2021.05.04"]
[WhiteClock "0:02:24"]
[BlackClock "0:02:13"]

1. d4 f5 2. e4 fxe4 3. Nc3 Nf6 4. Bg5 g6 5. h4 d5 6. h5 Bg4 7. Be2 Bxe2 8. Qxe2 Nxh5 9. Rxh5 gxh5 10. Qxh5+ Kd7 11. Nxd5 c6 12. Qg4+ Ke8 13. Nf4 Qa5+ 14. c3 Nd7 15. Qh5+ Kd8 16. Ne6+ Kc8 17. Qe8+ 1-0


[Site "https://www.chess.com"]

[Event "Titled Tuesday Blitz May 4 2021"]
[White "Zemerov, Vladimir"]
[Black "Lagunow, Raphael"]
[WhiteFideId "4111583"]
[BlackFideId "24652644"]
[WhiteElo "2277"]
[BlackElo "2400"]
[Result "1-0"]
[Round "08"]
[TimeControl "180+1"]
[Date "2021.05.04"]
[WhiteClock "0:01:08"]
[BlackClock "0:01:49"]

1. e4 c5 2. Nf3 Nc6 3. Bb5 Na5 4. c3 a6 5. Bd3 b5 6. Bc2 e6 7. d4 cxd4 8. cxd4 Bb7 9. O-O Nf6 10. Re1 d5 11. e5 Ne4 12. Nc3 Nxc3 13. bxc3 Rc8 14. Bg5 Be7 15. Bxe7 Qxe7 16. Qd2 h6 17. Rac1 Qa3 18. Bd3 Ke7 19. g4 Kd7 20. h4 Kc7 21. Qf4 Rhf8 22. Rc2 Kb8 23. Rec1 Ka7 24. g5 h5 25. g6 fxg6 26. Qg3 Nc4 27. Bxg6 Qe7 28. Qg5 Rxf3 29. Qxe7 Rcf8 30. Qxe6 R8f4 31. Bxh5 Rd3 32. f3 Ne3 33. Rf2 Nf5 34. Bg4 Nxh4 35. Qd7 1-0


[Site "https://www.chess.com"]

[Event "Titled Tuesday Blitz May 4 2021"]
[White "Zverev, Lev"]
[Black "Csonka, Balazs"]
[WhiteFideId "24250775"]
[BlackFideId "742910"]
[WhiteElo "2107"]
[BlackElo "2404"]
[Result "1-0"]
[Round "08"]
[TimeControl "180+1"]
[Date "2021.05.04"]
[WhiteClock "0:00:10"]
[BlackClock "0:00:02"]

1. e4 c5 2. Nf3 d6 3. d4 cxd4 4. Nxd4 Nf6 5. Nc3 a6 6. Bg5 e6 7. f4 Be7 8. Qf3 Qc7 9. O-O-O Nbd7 10. g4 h6 11. Bxf6 Bxf6 12. h4 Nb6 13. g5 Bxd4 14. Rxd4 Qc5 15. Rd1 Bd7 16. Qd3 hxg5 17. fxg5 Ke7 18. Be2 Bc6 19. Kb1 Nd7 20. Qg3 b5 21. Bf3 Ne5 22. Bg2 Rac8 23. Rc1 Nc4 24. Ne2 Bxe4 25. Bxe4 Nd2+ 26. Ka1 Nxe4 27. Qf4 Qe5 28. Qf3 Rc4 29. Rhf1 f5 30. Nf4 Kf7 31. Nd3 Qg3 32. Qe2 Qxh4 33. g6+ Kxg6 34. Nf4+ Kf7 35. Qg2 g5 36. Ne2 Qh2 37. Qf3 Qe5 38. Rh1 Rxh1 39. Qxh1 d5 40. Qh7+ Qg7 41. Qh5+ Qg6 42. Qh8 Qg7 43. Qd8 Kg6 44. Rg1 Qc7 45. Qg8+ Kf6 46. Qf8+ Ke5 47. Qh8+ Kd6 48. Qf8+ Kc6 49. Qe8+ Qd7 50. Qa8+ Qb7 51. Qe8+ Qd7 52. Qa8+ Kb6 53. Qb8+ Qb7 54. Qd8+ Qc7 55. Qe8 Rxc2 56. Qxe6+ Qc6 57. Qe5 Rxe2 58. Qb8+ Ka5 59. Qd8+ Ka4 60. Qf8 b4 61. a3 bxa3 62. Qxa3+ Kb5 63. Qb3+ Kc5 64. Rc1+ Kd6 65. Rxc6+ Kxc6 66. Qa4+ Kc7 67. Qa5+ Kd7 68. Qxd5+ Ke7 69. Qb7+ Kf6 70. Qxa6+ Kg7 71. Qxe2 1-0


[Site "https://www.chess.com"]

[Event "Titled Tuesday Blitz May 4 2021"]
[White "davigator"]
[Black "Alice, Mateus Felizardo Viageiro"]
[BlackFideId "14800047"]
[WhiteElo "2398"]
[BlackElo "2189"]
[Result "0-1"]
[Round "08"]
[TimeControl "180+1"]
[Date "2021.05.04"]
[WhiteClock "0:00:59"]
[BlackClock "0:01:53"]

1. e4 c5 2. Nf3 d6 3. d4 cxd4 4. Nxd4 Nf6 5. Nc3 a6 6. Bg5 e6 7. f4 h6 8. Bh4 Be7 9. Bf2 O-O 10. Qf3 Nc6 11. O-O-O Qc7 12. Nb3 b5 13. g4 b4 14. Ne2 a5 15. Ned4 a4 16. Nxc6 Qxc6 17. Nd2 b3 18. axb3 a3 19. bxa3 Rxa3 20. Bd4 Bb7 21. Bb2 Ra2 22. Kb1 Rfa8 23. Bd3 d5 24. Rhe1 Rxb2+ 25. Kxb2 Ba3+ 26. Kb1 Qc3 27. Nc4 dxc4 28. Bxc4 Qb2# 0-1


[Site "https://www.chess.com"]

[Event "Titled Tuesday Blitz May 4 2021"]
[White "de Leon, Patricia"]
[Black "Coelho, Ramyres Santana"]
[WhiteFideId "3000273"]
[BlackFideId "2120690"]
[WhiteElo "1989"]
[BlackElo "1888"]
[Result "0-1"]
[Round "08"]
[TimeControl "180+1"]
[Date "2021.05.04"]
[WhiteClock "0:00:02"]
[BlackClock "0:00:51"]

1. d4 Nf6 2. c4 g6 3. Nc3 d5 4. Bf4 Bg7 5. Rc1 O-O 6. Nf3 a6 7. e3 dxc4 8. Bxc4 b5 9. Bb3 Bb7 10. O-O Nbd7 11. a3 Rc8 12. Qe2 c5 13. dxc5 Nxc5 14. Bc2 Qb6 15. Nd4 Nd5 16. Nxd5 Bxd5 17. Bb1 e5 18. Bg5 exd4 19. exd4 Nb3 20. Rcd1 Nxd4 21. Qg4 f5 22. Qh4 Ne2+ 23. Kh1 Qb7 24. f3 Rc4 25. Qf2 Nf4 26. Rfe1 Ne6 27. Bc1 Bd4 28. Qf1 Rfc8 29. Ba2 R4c5 30. Bb1 Bc4 31. Bd3 Bd5 32. Bh6 Bxb2 33. Bb1 Bg7 34. Bxg7 Nxg7 35. Qe2 Bf7 36. Qe7 R5c7 37. Qd6 Ne8 38. Qe5 Ng7 39. Qf4 Re7 40. Rf1 Rce8 41. h4 Qc7 42. h5 Qxf4 0-1


[Site "https://www.chess.com"]

[Event "Titled Tuesday Blitz May 4 2021"]
[White "serhanberat_ozdemir"]
[Black "Sapunov, Evgeny"]
[BlackFideId "4126661"]
[WhiteElo "2640"]
[BlackElo "2470"]
[Result "1-0"]
[Round "08"]
[TimeControl "180+1"]
[Date "2021.05.04"]
[WhiteClock "0:00:02"]
[BlackClock "0:00:02"]

1. e4 c5 2. Nf3 d6 3. d4 cxd4 4. Nxd4 Nf6 5. Nc3 Nc6 6. f3 Qb6 7. Nb3 e6 8. Qd3 a6 9. Be3 Qc7 10. O-O-O b5 11. g4 Ne5 12. Qe2 Be7 13. g5 Nfd7 14. Qf2 Rb8 15. h4 b4 16. Ne2 Nc4 17. Ned4 Nxe3 18. Qxe3 O-O 19. Kb1 Nc5 20. h5 Bd7 21. g6 Bf6 22. gxf7+ Rxf7 23. Bh3 Re8 24. Rhg1 a5 25. Nxc5 Qxc5 26. Qd3 a4 27. f4 h6 28. f5 exf5 29. Nxf5 Bxf5 30. Bxf5 Qe5 31. c3 bxc3 32. Bg6 Rb8 33. Bxf7+ Kxf7 34. Rg2 a3 35. Qd5+ Qxd5 36. Rxd5 axb2 37. Rxd6 Rb4 38. Rc2 Be5 39. Rd5 Rxe4 40. Rxe5 Rxe5 41. Rxc3 Rxh5 42. Kxb2 Ra5 43. Kb3 g5 44. a4 g4 45. Kb4 Ra8 46. Rc6 Kg7 47. a5 h5 48. a6 g3 49. Kb5 h4 50. Rc4 Rh8 51. a7 Kf6 52. Kb6 Kg5 53. Kb7 g2 54. Rc8 Rxc8 55. Kxc8 g1=Q 56. a8=Q Qc5+ 57. Kd7 Qf5+ 58. Kc7 Qf4+ 59. Kd7 Qf5+ 60. Kc7 h3 61. Qg8+ Kf4 62. Qc4+ Qe4 63. Qf1+ Kg3 64. Qg1+ Qg2 65. Qe1+ Kg4 66. Qe6+ Kf4 67. Qd6+ Kf3 68. Qd1+ Kf2 69. Qd2+ Kg1 70. Qe1+ Qf1 71. Qg3+ Kh1 72. Kc6 h2 73. Qg4 Qf2 74. Kb5 1-0


[Site "https://www.chess.com"]

[Event "Titled Tuesday Blitz May 4 2021"]
[White "tylityli"]
[Black "Ivanov, Mike"]
[BlackFideId "2613158"]
[WhiteElo "2344"]
[BlackElo "2197"]
[Result "1-0"]
[Round "08"]
[TimeControl "180+1"]
[Date "2021.05.04"]
[WhiteClock "0:00:02"]
[BlackClock "0:00:01"]

1. d4 Nf6 2. c4 e6 3. Nc3 Bb4 4. e3 O-O 5. Ne2 Re8 6. a3 Bf8 7. d5 a5 8. g3 Na6 9. Bg2 Nc5 10. O-O a4 11. e4 exd5 12. exd5 Nb3 13. Rb1 Nxc1 14. Rxc1 d6 15. Nd4 Bd7 16. Re1 g6 17. Rxe8 Qxe8 18. Ncb5 Qd8 19. h3 h5 20. Qd2 Be8 21. Re1 Nd7 22. Rxe8 Qxe8 23. Nxc7 Qc8 24. Nxa8 Qxa8 25. Qb4 Nc5 26. Qb5 Bg7 27. Ne2 Qd8 28. Nc3 Qe7 29. Kf1 Bxc3 30. bxc3 Qe5 31. Qb6 Qxc3 32. Qd8+ Kg7 33. Qxd6 Qc1+ 34. Ke2 Qxc4+ 35. Ke1 Qc3+ 36. Kf1 Qc1+ 37. Ke2 Qb2+ 38. Kf1 Qa1+ 39. Ke2 Nb3 40. Be4 Nd4+ 41. Ke3 Nb5 42. Qc5 Qe1+ 43. Kf3 Nc3 44. Qd4+ Kh7 45. Bd3 Qh1+ 46. Ke3 Nxd5+ 47. Kd2 Qg2 48. Be4 Qf1 49. Qxd5 Qxf2+ 50. Kd3 Qxg3+ 51. Kd4 Qf2+ 52. Kd3 b6 53. Kc4 Kh6 54. Kb4 Qe1+ 55. Kxa4 Qf1 56. Kb3 Qf2 57. Kb4 h4 58. Kb5 g5 59. Kc6 f6 60. Qc4 Qf4 61. Kd5 g4 62. Ke6 g3 63. Qd5 g2 64. Bxg2 Qe3+ 65. Be4 Qxa3 66. Qf5 Qc5 67. Kxf6 1-0


[Site "https://www.chess.com"]

[Event "Titled Tuesday Blitz May 4 2021"]
[White "volunteers1998"]
[Black "Vovk, Orest"]
[BlackFideId "14113490"]
[WhiteElo "2230"]
[BlackElo "2203"]
[Result "0-1"]
[Round "08"]
[TimeControl "180+1"]
[Date "2021.05.04"]
[WhiteClock "0:00:04"]
[BlackClock "0:00:30"]

1. e4 Nc6 2. d4 e5 3. d5 Nce7 4. Nc3 Ng6 5. h4 Bc5 6. h5 Nf8 7. Nf3 d6 8. Bb5+ Bd7 9. Qe2 h6 10. Be3 Bxe3 11. Bxd7+ Nxd7 12. Qxe3 Ngf6 13. O-O-O Nc5 14. Nxe5 Qe7 15. Nf3 O-O 16. Rde1 Rfe8 17. Nd4 Ng4 18. Qf4 Ne5 19. Kb1 b5 20. Ndxb5 Rab8 21. b3 a6 22. Nd4 Rb4 23. Nf5 Qf6 24. Rh3 Ned3 25. cxd3 Qxc3 26. Qc1 Qf6 27. Rg3 Kf8 28. Rxg7 Nxd3 29. Qd2 Rbxe4 30. Rxe4 Rxe4 31. Qxd3 Qxf5 32. Rg3 Re1+ 33. Kc2 Qxf2+ 34. Kc3 Qc5+ 35. Qc4 Rc1+ 36. Kb2 Rxc4 0-1


[Site "https://www.chess.com"]

[Event "Titled Tuesday Blitz May 4 2021"]
[White "Abdusattorov, Nodirbek"]
[Black "Tejedor Fuente, Enrique"]
[WhiteFideId "14204118"]
[BlackFideId "2299100"]
[WhiteElo "2662"]
[BlackElo "2535"]
[Result "1-0"]
[Round "09"]
[TimeControl "180+1"]
[Date "2021.05.04"]
[WhiteClock "0:00:52"]
[BlackClock "0:00:01"]

1. d4 d6 2. c4 e5 3. Nf3 Nc6 4. Nc3 exd4 5. Nxd4 g6 6. g3 Bg7 7. Nxc6 bxc6 8. Bg2 Ne7 9. O-O O-O 10. Qc2 Bf5 11. e4 Be6 12. b3 Qd7 13. Bb2 Bh3 14. Rad1 Bxg2 15. Kxg2 c5 16. Nd5 Nxd5 17. Rxd5 Bxb2 18. Qxb2 f6 19. f3 Qe6 20. Re1 Rfe8 21. h4 h5 22. Qd2 a5 23. a4 Reb8 24. Rd3 Re8 25. Qf4 Qe5 26. Qd2 Qe6 27. Ree3 Kg7 28. Rd5 Qf7 29. Red3 Qe6 30. Qf4 Rab8 31. Re3 Qf7 32. g4 Re5 33. Qg3 Kh7 34. f4 Rxd5 35. exd5 Re8 36. gxh5 Rxe3 37. Qxe3 gxh5 38. f5 Qg7+ 39. Kf2 Qf7 40. Qe6 Kg7 41. Ke3 Kf8 42. Kf4 Qe7 43. Kf3 Qf7 44. Qe1 Qe7 45. Qxa5 Qe5 46. Qd2 1-0


[Site "https://www.chess.com"]

[Event "Titled Tuesday Blitz May 4 2021"]
[White "Aditya Mittal"]
[Black "Williams, Simon K"]
[WhiteFideId "35042025"]
[BlackFideId "404454"]
[WhiteElo "2171"]
[BlackElo "2468"]
[Result "1-0"]
[Round "09"]
[TimeControl "180+1"]
[Date "2021.05.04"]
[WhiteClock "0:00:08"]
[BlackClock "0:00:01"]

1. d4 e6 2. c4 f5 3. g3 Nf6 4. Bg2 Be7 5. Nh3 O-O 6. O-O d6 7. b3 e5 8. dxe5 dxe5 9. Bb2 Ng4 10. Qd5+ Kh8 11. Nc3 Qe8 12. Na4 c6 13. Qd2 f4 14. gxf4 Qh5 15. f3 Nh6 16. Nf2 exf4 17. Ne4 Na6 18. Kh1 Be6 19. Qc3 Nf5 20. Qe5 Qh6 21. Rfd1 Rae8 22. Bc1 Nh4 23. Rg1 Bd8 24. Bb2 Bc7 25. Qc3 Rf7 26. Rad1 Nf5 27. Qe1 Ne3 28. Rd3 Rf5 29. Bh3 Rf7 30. Bxe6 Rxe6 31. Ng5 Ree7 32. Nxf7+ Rxf7 33. Qf2 Nb4 34. Rd2 Ba5 35. c5 1-0


[Site "https://www.chess.com"]

[Event "Titled Tuesday Blitz May 4 2021"]
[White "Alahakoon, Isuru"]
[Black "Batchimeg, Tuvshintugs"]
[WhiteFideId "9900993"]
[BlackFideId "4900839"]
[WhiteElo "2062"]
[BlackElo "2295"]
[Result "1-0"]
[Round "09"]
[TimeControl "180+1"]
[Date "2021.05.04"]
[WhiteClock "0:00:29"]
[BlackClock "0:00:19"]

1. Nf3 Nf6 2. d4 e6 3. Bg5 h6 4. Bh4 b6 5. e3 Bb7 6. Bd3 g5 7. Bg3 Bg7 8. c3 Ne4 9. Nbd2 Nxg3 10. hxg3 d6 11. Qe2 Nd7 12. O-O-O Qe7 13. e4 O-O-O 14. Kb1 Kb8 15. Ba6 Ba8 16. Rhe1 Rhe8 17. Qb5 c6 18. Qb3 e5 19. Nc4 exd4 20. cxd4 g4 21. Nh4 d5 22. Ne3 Qxe4+ 23. Nc2 Qh7 24. Qb4 c5 25. dxc5 Nxc5 26. Qf4+ Be5 27. Rxe5 1-0


[Site "https://www.chess.com"]

[Event "Titled Tuesday Blitz May 4 2021"]
[White "Alavkin, Arseny"]
[Black "Acor, Corey"]
[WhiteFideId "4120612"]
[BlackFideId "2024861"]
[WhiteElo "2416"]
[BlackElo "2758"]
[Result "0-1"]
[Round "09"]
[TimeControl "180+1"]
[Date "2021.05.04"]
[WhiteClock "0:00:11"]
[BlackClock "0:00:07"]

1. c4 e5 2. Nc3 Nc6 3. Nf3 g6 4. d4 exd4 5. Nxd4 Bg7 6. Nxc6 bxc6 7. g3 Ne7 8. Bg2 O-O 9. O-O d6 10. Bg5 Rb8 11. Rb1 Bf5 12. e4 Be6 13. Qd3 h6 14. Be3 c5 15. b3 Nc6 16. Ne2 Ne5 17. Qd2 Ng4 18. Rbd1 Nxe3 19. Qxe3 f5 20. exf5 Bxf5 21. Nf4 Qf6 22. Nd5 Qf7 23. Qf4 g5 24. Qd2 Bd4 25. Kh1 Rbe8 26. f4 g4 27. Rde1 Qg7 28. Re2 h5 29. Rfe1 Rxe2 30. Qxe2 Kh8 31. Qe7 c6 32. Qxg7+ Kxg7 33. Ne7 Bh7 34. Nxc6 Bc3 35. Re2 Rf7 36. Bd5 Rc7 37. Nd8 Bf5 38. Kg2 Bf6 39. Ne6+ Bxe6 40. Rxe6 Rd7 41. Bc6 Rd8 42. f5 Be5 43. Rg6+ Kh7 44. Bd5 Rf8 45. Be6 a5 46. Kf2 Rf6 47. Rg5 Bd4+ 48. Ke2 Kh6 49. Rg8 Kh7 50. Kd3 Be5 51. Re8 Rh6 52. Ke4 h4 53. gxh4 Rxh4 54. Re7+ Kh6 55. Kd5 Kg5 56. Rg7+ Bxg7 57. Kxd6 Bf8+ 58. Kd7 Rxh2 59. Ke8 Bg7 60. Kf7 Bf6 61. b4 axb4 62. Bd5 Rxa2 63. Ke6 b3 64. Kd6 b2 65. Kxc5 Ra1 66. Kd6 b1=Q 67. Kd7 Qb4 68. Ke8 Qe7# 0-1


[Site "https://www.chess.com"]

[Event "Titled Tuesday Blitz May 4 2021"]
[White "Aliavdin, Nikolai"]
[Black "Sztokbant, Bernardo Vainzoff"]
[WhiteFideId "13502883"]
[BlackFideId "2115956"]
[WhiteElo "2268"]
[BlackElo "2264"]
[Result "1-0"]
[Round "09"]
[TimeControl "180+1"]
[Date "2021.05.04"]
[WhiteClock "0:00:25"]
[BlackClock "0:00:02"]

1. d4 d5 2. Bf4 Nf6 3. Nd2 Bf5 4. e3 e6 5. Ngf3 Bd6 6. Bg3 O-O 7. Bd3 Bxd3 8. cxd3 c5 9. dxc5 Bxc5 10. O-O Nc6 11. a3 Rc8 12. b4 Bd6 13. Nb3 Bxg3 14. hxg3 Qd6 15. Qd2 b6 16. Rac1 e5 17. b5 Ne7 18. Qb4 Qxb4 19. axb4 Nd7 20. d4 e4 21. Ne5 Nxe5 22. dxe5 Ng6 23. Ra1 Rc7 24. Rfc1 Rfc8 25. Rd1 Rd7 26. e6 fxe6 27. Nd4 Kf7 28. Nc6 Rcc7 29. f4 exf3 30. gxf3 e5 31. f4 Kf6 32. Kf2 h5 33. Rh1 h4 34. Kf3 hxg3 35. Kxg3 exf4+ 36. exf4 d4 37. Rh5 d3 38. Rd1 Ne7 39. Ne5 Nf5+ 40. Kf3 Rd4 41. Nc6 Rd6 42. Rd2 g6 43. Rh8 Nd4+ 44. Nxd4 Rxd4 45. Ke3 Rcc4 46. Rf8+ Ke7 47. Ra8 Rxb4 48. Rxa7+ Ke6 49. Rxd3 Rxd3+ 50. Kxd3 Rxf4 51. Rb7 1-0


[Site "https://www.chess.com"]

[Event "Titled Tuesday Blitz May 4 2021"]
[White "Alice, Mateus Felizardo Viageiro"]
[Black "Kiselev, Gennady"]
[WhiteFideId "14800047"]
[BlackFideId "4117107"]
[WhiteElo "2189"]
[BlackElo "2323"]
[Result "1-0"]
[Round "09"]
[TimeControl "180+1"]
[Date "2021.05.04"]
[WhiteClock "0:01:19"]
[BlackClock "0:00:08"]

1. e4 c5 2. Nf3 d6 3. d4 cxd4 4. Nxd4 Nf6 5. Nc3 Nc6 6. f3 e5 7. Nb3 Be6 8. Bg5 Be7 9. Qd2 O-O 10. O-O-O a6 11. Bxf6 Bxf6 12. Qxd6 Qb6 13. Qc5 Qc7 14. Nd5 Bg5+ 15. Kb1 Qb8 16. h4 Bf4 17. g3 Bh6 18. Nb6 Ra7 19. Bc4 Bxc4 20. Qxc4 a5 21. Nd7 Qc8 22. Nxf8 Qxf8 23. Nc5 Qc8 24. g4 g6 25. g5 Bf8 26. Nd7 Be7 27. Nxe5 Qe8 28. Nxc6 bxc6 29. f4 Rb7 30. h5 Qb8 31. b3 Bf8 32. hxg6 hxg6 33. f5 Rb4 34. Qc3 a4 35. Qh8# 1-0


[Site "https://www.chess.com"]

[Event "Titled Tuesday Blitz May 4 2021"]
[White "Amarasinghe, A A C B"]
[Black "Khnykin, Nikolay"]
[WhiteFideId "9901809"]
[BlackFideId "4188853"]
[WhiteElo "1778"]
[BlackElo "2280"]
[Result "1-0"]
[Round "09"]
[TimeControl "180+1"]
[Date "2021.05.04"]
[WhiteClock "0:01:47"]
[BlackClock "0:00:01"]

1. c4 e6 2. g3 d5 3. Bg2 Nf6 4. Nf3 Be7 5. O-O O-O 6. d4 c5 7. cxd5 exd5 8. Nc3 Nc6 9. Bg5 Qb6 10. Bxf6 Bxf6 11. Nxd5 Qxb2 12. Nxf6+ gxf6 13. dxc5 Bg4 14. Qa4 Qxe2 15. Qxg4+ Kh8 16. Rfe1 Qb5 17. Qf5 Qb2 18. Ne5 fxe5 19. Bxc6 bxc6 20. Rab1 Qxa2 21. Qf6+ Kg8 22. Rb4 Qe6 23. Qxe6 fxe6 24. Rxe5 Rf6 25. Rb7 a5 26. Re3 a4 27. Ra3 e5 28. Rb4 Raf8 29. Rb2 Ra8 30. Rba2 e4 31. Rxa4 Rxa4 32. Rxa4 Kf7 33. Rxe4 Rf5 34. Rf4 Rxf4 35. gxf4 Ke6 36. Kg2 Kd5 37. Kf3 Kxc5 38. f5 Kd5 39. Kf4 c5 40. f6 1-0


[Site "https://www.chess.com"]

[Event "Titled Tuesday Blitz May 4 2021"]
[White "Aradhya, Garg"]
[Black "Vignesh, N R"]
[WhiteFideId "25006746"]
[BlackFideId "25012215"]
[WhiteElo "2146"]
[BlackElo "2401"]
[Result "1-0"]
[Round "09"]
[TimeControl "180+1"]
[Date "2021.05.04"]
[WhiteClock "0:00:54"]
[BlackClock "0:00:14"]

1. d4 d5 2. c4 c6 3. e3 e6 4. Nc3 f5 5. Bd3 Nf6 6. Qc2 Bd6 7. Nge2 O-O 8. f3 g6 9. Bd2 e5 10. cxd5 exd4 11. Nxd4 cxd5 12. Ncb5 a6 13. Nxd6 Qxd6 14. Rc1 Nbd7 15. Qc7 Qe7 16. O-O Re8 17. a4 Ne5 18. Qxe7 Rxe7 19. Bb4 Re8 20. Be2 Bd7 21. b3 Rac8 22. Kf2 Kf7 23. Bd6 Nc6 24. Bd3 Ne5 25. Bxe5 Rxe5 26. Rxc8 Bxc8 27. Rc1 Re8 28. Rc7+ Kg8 29. b4 Nd7 30. b5 Ne5 31. Be2 axb5 32. Bxb5 Rd8 33. Re7 Nc4 34. Rc7 Nd6 35. Ke2 Nxb5 36. axb5 h6 37. b6 Re8 38. Kd3 Kf8 39. f4 Rd8 40. Nf3 Bd7 41. Rxb7 Be8 42. Rc7 Ra8 43. b7 Ra3+ 44. Kd4 Rb3 45. Ne5 Rb5 46. Nd7+ Bxd7 47. Rxd7 1-0


[Site "https://www.chess.com"]

[Event "Titled Tuesday Blitz May 4 2021"]
[White "Arias, Juan Cruz"]
[Black "Shuvalov, Evgenij"]
[WhiteFideId "118540"]
[BlackFideId "4187237"]
[WhiteElo "2083"]
[BlackElo "2163"]
[Result "0-1"]
[Round "09"]
[TimeControl "180+1"]
[Date "2021.05.04"]
[WhiteClock "0:00:14"]
[BlackClock "0:00:25"]

1. d4 Nf6 2. Nf3 g6 3. Bg5 Bg7 4. Nbd2 d5 5. e3 O-O 6. Be2 b6 7. O-O Bb7 8. c3 c5 9. a4 Nc6 10. Qb3 cxd4 11. exd4 Rc8 12. Rfe1 e6 13. Ne5 Qc7 14. Bf4 Qe7 15. Bf3 Rfd8 16. Nd3 Na5 17. Qa2 Nc4 18. Nxc4 dxc4 19. Ne5 Bxf3 20. Nxf3 Nd5 21. Bg3 Qb7 22. Re2 a6 23. Rae1 b5 24. axb5 axb5 25. Ne5 Ra8 26. Qb1 b4 27. Qc1 Rdc8 28. Ng4 bxc3 29. bxc3 Qb3 30. Rc2 Ra2 31. Rxa2 Qxa2 32. Be5 Bf8 33. Nh6+ Bxh6 34. Qxh6 f6 35. Bg3 Nxc3 36. h4 Ne2+ 37. Kh2 c3 38. h5 g5 39. Be5 fxe5 40. Qxg5+ Kf7 41. dxe5 Nd4 42. Qf6+ Ke8 43. Re4 Rc4 44. Rf4 Kd7 45. Qf8 Kc6 46. Qc8+ Kb5 47. Qb7+ Ka4 48. Rf8 Rb4 49. Ra8+ Kb3 50. Qe4 Qxa8 51. Qxa8 c2 52. Qa1 Ne2 53. Qe1 Rh4# 0-1


[Site "https://www.chess.com"]